 Dungeon Crawl Stone Soup version 0.29-a0-620-g13ace881f2 (webtiles) character file.

Game seed: 3932400810690200224

95 CollectiveS the Cudgeller (level 4, 0/35 HPs)
             Began as a Demonspawn Abyssal Knight on June 18, 2022.
             Was a Believer of Lugonu.
             Slain by a gnoll
             ... wielding a +0 flail
              (9 damage)
             ... on level 3 of the Dungeon.
             The game lasted 00:05:40 (2827 turns).

CollectiveS the Cudgeller (DsAK)                    Turns: 2827, Time: 00:05:41

Health: 0/35       AC:  6    Str: 16    XL:     4   Next: 40%
Magic:  5/5        EV:  9    Int: 11    God:    Lugonu [**....]
Gold:   139        SH:  3    Dex: 13    Spells: 3/3 levels left

rFire   . . .      SeeInvis .   a - +1 mace
rCold   . . .      Faith    .   l - +0 buckler
rNeg    . . .      Spirit   .   w - +0 scale mail
rPois   .          Reflect  .   (no helmet)
rElec   .          Harm     .   (no cloak)
rCorr   .          Rampage  .   (no gloves)
Will    .....                   (no boots)
Stlth   ..........              (no amulet)
HPRegen 0.11/turn               (no ring)
MPRegen 0.09/turn               (no ring)

@: no status effects
A: foul stench 2
a: Renounce Religion, Depart the Abyss, Bend Space


You were on level 3 of the Dungeon.
You worshipped Lugonu.
Lugonu was pleased with you.
You visited 1 branch of the dungeon, and saw 3 of its levels.
You visited the Abyss 1 time.

You collected 139 gold pieces.

Inventory:

Hand Weapons
 a - a +1 mace (weapon)
Missiles
 i - 6 poisoned darts
Armour
 l - a +0 buckler (worn)
 w - a +0 scale mail (worn)
Jewellery
 c - a ring of wizardry
 q - a ring of fire
 s - a ring of magical power
Scrolls
 e - a scroll of blinking {unknown}
 f - a scroll of enchant armour {unknown}
 g - a scroll of summoning {unknown}
 j - 2 scrolls of silence {unknown}
 m - 2 scrolls of identify {unknown}
 n - a scroll of amnesia {unknown}
 o - 3 scrolls of teleportation {unknown}
 p - a scroll of brand weapon {unknown}
 t - a scroll of noise {unknown}
 v - a scroll of fear {unknown}
Potions
 b - a potion of flight {unknown}
 d - 4 potions of curing {unknown}
 h - a potion of invisibility {unknown}
 k - a potion of ambrosia {unknown}
 r - a potion of brilliance {unknown}


   Skills:
 - Level 3.0 Fighting
 * Level 3.9 Maces & Flails
 + Level 2.3 Armour
 - Level 0.8 Dodging
 + Level 0.2 Shields
 - Level 2.4 Invocations


You had 3 spell levels left.
You didn't know any spells.
Your spell library contained the following spells:

 Spells                   Type           Power      Damage    Failure   Level
 Freeze                   Ice            0%         1d3       87%         1
 Slow                     Hex            0%         N/A       87%         1
 Scorch                   Fire           0%         2d5       95%         2
 Confusing Touch          Hex            0%         N/A       99%         3
 Frozen Ramparts          Ice            0%         1d2       99%         3
 Portal Projectile        Hex/Tloc       0%         N/A       99%         3
 Tukima's Dance           Hex            0%         N/A       99%         3
 Vampiric Draining        Necr           0%         2d6       99%         3
 Flame Wave               Conj/Fire      0%         2d4       100%        4
 Hailstorm                Conj/Ice       0%         3d3       100%        4
 Blade Hands              Tmut           0%         N/A       100%        5
 Summon Cactus Giant      Summ           0%         N/A       100%        6


Dungeon Overview and Level Annotations

Branches:
Dungeon (3/15)

Altars:


Innate Abilities, Weirdness & Mutations

You sometimes emit foul miasma when damaged in melee.


Message History

The gnoll is moderately wounded.
The gnoll hits you with a +0 club.
The gnoll hits you from afar with a +0 spear.
You hit the gnoll.
The gnoll is heavily wounded.
The gnoll hits you with a +0 club.
The gnoll hits you from afar with a +0 spear!
You thump the gnoll!
You kill the gnoll!
Lugonu accepts your kill.
The gnoll hits you from afar with a +0 spear.
The gnoll hits you with a +0 spear.
You hit the gnoll but do no damage. The gnoll hits you but does no damage.
You barely miss the gnoll. The gnoll hits you but does no damage.
You sock the gnoll!
The gnoll is severely wounded.
The gnoll closely misses you.
You barely miss the gnoll.
The gnoll is severely wounded.
The gnoll barely misses you. x2
You barely miss the gnoll.
The gnoll is severely wounded.
The gnoll hits you but does no damage.
You hit the gnoll.
The gnoll is almost dead.
You block the gnoll's attack.
You hit the gnoll.
You kill the gnoll!
Lugonu accepts your kill.
You hit the gnoll.
The gnoll is moderately wounded.
The gnoll barely misses you.
The gnoll hits you from afar with a +0 spear.
The gnoll barely misses you.
You thump the gnoll!
The gnoll is severely wounded.
The gnoll hits you from afar with a +0 spear.
* * * LOW HITPOINT WARNING * * *
The gnoll hits you with a +0 flail!
You die...

##......# #....<#.#
####..####.# #...)....#.#
##.#..##.#.# #.#..##.#.#
#.#..##.#.# #.#.....#.#
#@#.......# #g#.......####
#####g#..........#
#.....#...###.##.#
#g######..#......# ####.#
#....#.#....# # #....#
#.##.#.####.# #
#.#######.##.#......#
#########.#.....#.##.#########


You could see 2 gnolls.

Vanquished Creatures
  2 gnolls (D:3)
  2 adders (D:3)
  An ufetubus (D:3)
  A dart slug (D:3)
  An orc (D:3)
  6 bats
  2 endoplasms
  11 giant cockroaches
  4 goblins
  3 hobgoblins
  5 kobolds
  3 quokkas
  2 ball pythons
  2 rats
45 creatures vanquished.

Notes
Turn   | Place    | Note
-------+----------+-------------------------------------------
     0 | Abyss:1  | CollectiveS the Demonspawn Abyssal Knight began the quest
                  | for the Orb.
     0 | Abyss:1  | Reached XP level 1. HP: 18/18 MP: 2/2
     3 | D:1      | Escaped the Abyss
   265 | D:1      | Reached ** piety under Lugonu
   350 | D:1      | Gained mutation: You may rarely emit foul miasma when
                  | damaged in melee. [demonic ancestry]
   350 | D:1      | Reached XP level 2. HP: 21/24 MP: 3/3
  1531 | D:2      | Gained mutation: You sometimes emit foul miasma when
                  | damaged in melee. [demonic ancestry]
  1531 | D:2      | Reached XP level 3. HP: 27/29 MP: 4/4
  2473 | D:3      | Reached XP level 4. HP: 27/35 MP: 5/5
  2827 | D:3      | Slain by a gnoll

Illustrated notes

Levels and vault maps discovered:
D:1:      dpeg_arrival_arbitrary_b, layout_loops_ring, grunt_decor_junction
D:2:      minmay_roachtagon, layout_loops_corners, minmay_door_square
D:3:      layout_basic, shapermc_ecumenical_altar_venn

Skill      XL: |  1  2  3 |
---------------+----------+-----
Maces & Flails | 2 3 |  3.9
Armour         | 2 |  2.3
Fighting       | |  3.0
Dodging        | |  0.8
Shields        | |  0.2
Invocations    | |  2.4

Action                   |  1- 3 |  4- 6 || total
-------------------------+-------+-------++-------
Melee: Mace              |   116 |    21 ||   137
       Punch             |     1 |       ||     1
Invok: Depart the Abyss  |     1 |       ||     1
Armor: Leather armour    |    30 |       ||    30
       Scale mail        |     2 |    11 ||    13
       Ring mail         |     1 |       ||     1
Dodge: Dodged            |    74 |     8 ||    82
Block: Buckler           |    16 |     4 ||    20

Table legend: (Time is in decaauts)
 A = Elapsed time spent in this place.
 B = Non-inter-level travel time spent in this place.
 C = Inter-level travel time spent in this place.
 D = Time resting spent in this place.
 E = Time spent auto-exploring this place.
 F = Levels seen in this place.
 G = Mean time per level.
                   A        B        C        D        E       F      G
               +--------+--------+--------+--------+--------+-----+--------+
         Total |   2867 |   2785 |     82 |      0 |   2261 |   4 |  716.8 |
       Dungeon |   2864 |   2782 |     82 |      0 |   2261 |   3 |  954.7 |
         Abyss |      3 |      3 |      0 |      0 |      0 |   1 |    3.0 |
               +--------+--------+--------+--------+--------+-----+--------+

Top non-repeatable levels by time:
     D:2: 1199 daAuts
     D:3: 854 daAuts
     D:1: 809 daAuts
 Abyss:1: 3 daAuts
